 Dungeon Crawl Stone Soup version 0.24.0-13-gcf9b319 (webtiles) character file.

Game seed: 13588594346371433350, levelgen mode: deterministic

351 Bronimir the Firebug (level 6, -1/55 HPs)
             Began as an Ogre Fire Elementalist on Mar 30, 2020.
             Slain by a worker ant (3 damage)
             ... on level 3 of the Dungeon.
             The game lasted 00:07:17 (3753 turns).

Bronimir the Firebug (Ogre Fire Elementalist)       Turns: 3753, Time: 00:07:19

Health: -1/55      AC:  4    Str: 14    XL:     6   Next: 61%
Magic:  4/12       EV: 10    Int: 17    God:
Gold:   187        SH:  0    Dex:  9    Spells: 2/13 levels left

rFire    . . .     SeeInvis .   a - +0 giant spiked club
rCold    . . .     Gourm    .   (shield currently unavailable)
rNeg     . . .     Faith    .   l - +0 robe
rPois    .         Spirit   .   (helmet restricted)
rElec    .         Reflect  .   s - +0 cloak
rCorr    .         Harm     .   (gloves unavailable)
MR       .....                  (boots unavailable)
Stlth    ++........             (no amulet)
HPRegen  0.18/turn              (no ring)
MPRegen  0.13/turn              (no ring)

@: lethally poisoned (-1 -> -14), very slightly contaminated
A: large, unfitting armour, tough skin 1
a: no special abilities


You were on level 3 of the Dungeon.
You were not hungry.

You visited 1 branch of the dungeon, and saw 4 of its levels.

You collected 187 gold pieces.

Inventory:

Hand Weapons
 a - a +0 giant spiked club (weapon)
 d - a +0 mace
 u - a +0 scythe
Missiles
 f - 114 stones
 g - 94 sling bullets
 m - 15 arrows
 r - 18 poisoned darts (quivered)
 v - 17 bolts
Armour
 l - a +0 robe (worn)
 s - a +0 cloak (worn)
Scrolls
 h - 3 scrolls of remove curse {unknown}
 i - a scroll of enchant weapon {unknown}
 n - 2 scrolls of teleportation {unknown}
 p - 2 scrolls of amnesia {unknown}
 q - 2 scrolls of blinking {unknown}
Potions
 e - 2 potions of curing {unknown}
 j - 3 potions of degeneration {unknown}
 k - a potion of haste {unknown}
 o - a potion of mutation {unknown}
Comestibles
 c - 8 rations


   Skills:
 + Level 1.6 Fighting
 + Level 0.9 Maces & Flails
 + Level 1.7 Polearms
 + Level 0.1 Throwing
 + Level 2.4 Dodging
 - Level 1.5 Stealth
 * Level 4.0 Spellcasting
 * Level 2.3 Conjurations
 * Level 4.2 Fire Magic


You had 2 spell levels left.
You knew the following spells:

 Your Spells              Type           Power        Failure   Level  Hunger
a - Flame Tongue          Conj/Fire      ##...        4%          1    None
b - Throw Flame           Conj/Fire      ##....       6%          2    ##.....
c - Conjure Flame         Conj/Fire      ##......     12%         3    ###....
d - Sticky Flame          Conj/Fire      ##......     38%         4    ####...
e - Confusing Touch       Hex            #.....       16%         1    None

Your spell library contained the following spells:

 Spells                   Type           Power        Failure   Level  Hunger
 Inner Flame              Hex/Fire       ##......     21%         3    ###....
 Confuse                  Hex            #.......     41%         3    ###....
 Gell's Gravitas          Tloc           #.........   43%         3    ###....
 Fireball                 Conj/Fire      ##........   75%         5    ######.
 Petrify                  Tmut/Erth      #.......     83%         4    ####...
 Metabolic Englaciation   Hex/Ice        #.........   99%         5    ######.
 Yara's Violent Unravell  Hex/Tmut       #.........   99%         5    ######.


Dungeon Overview and Level Annotations

Branches:
Dungeon (4/15)
 Temple: D:4-7

Altars:


Innate Abilities, Weirdness & Mutations

You are too large for most types of armour.
You have tough skin. (AC +1)


Message History

The worker ant closely misses you.
Casting: Flame Tongue (safe; 4% risk of failure)
Confirm with . or Enter, or press ? or * to list all spells.
Aiming: Flame Tongue (safe; 4% risk of failure)
Press: ? - help, Shift-Dir - straight line, f/p - worker ant
Aim: a worker ant (severely wounded)
The flame tongue hits the worker ant.
The worker ant is severely wounded.
* * * LOW HITPOINT WARNING * * *
You feel sick. The worker ant bites you.
* * * LOW HITPOINT WARNING * * *
The worker ant misses you.
You barely miss the worker ant.
The worker ant is severely wounded.
* * * LOW HITPOINT WARNING * * *
You feel very sick. The worker ant barely misses you.
The worker ant bites you but does no damage.
The worker ant closely misses you. The worker ant bites you.
You die...

....###...###....................
.)..###...###...............#....
<.÷.........................#.#.#
.....##...####......>......#....#
.######...#####...........#......
## #.......................... ##
#...#...###....###......... .#
#...###...##>.............. .#
#...# ###.@a#).......#..... .##
#...# ###a...#.###.#..... ..#
##### ##.....##..#.....
#.########## ####........###....
#..........####........[..##..#..
#..........#....####.............
#............#.## #.#...[#...#..
#.÷........#...# #.#..##..###..
#.........>..### #........###..


You could see 2 worker ants.

Vanquished Creatures
  Sigmund (D:2)
  An ogre (D:4)
  A gnoll shaman (D:4)
  A howler monkey skeleton (D:4)
  3 adders
  An adder zombie (D:1)
  2 worms
  2 dart slugs
  A leopard gecko (D:3)
  A bat zombie (D:1)
  7 goblins
  8 hobgoblins
  4 quokkas
  6 bats
  2 frilled lizards
  5 kobolds
  5 rats
51 creatures vanquished.

Notes
Turn   | Place    | Note
-------+----------+-------------------------------------------
     0 | D:1      | Bronimir the Ogre Fire Elementalist began the quest for the
                  | Orb.
     0 | D:1      | Reached XP level 1. HP: 16/16 MP: 3/3
   330 | D:1      | Reached skill level 1 in Conjurations
   330 | D:1      | Reached XP level 2. HP: 20/24 MP: 5/5
   770 | D:1      | Learned a level 2 spell: Throw Flame
  1018 | D:1      | You fall into a shaft and drop 1 floor!
  1080 | D:1      | Reached XP level 3. HP: 29/31 MP: 6/6
  1633 | D:2      | Noticed Sigmund
  1642 | D:2      | Killed Sigmund
  1642 | D:2      | Reached XP level 4. HP: 26/40 MP: 1/9
  1642 | D:2      | Reached XP level 5. HP: 30/46 MP: 1/10
  1812 | D:2      | Reached skill level 1 in Fighting
  2649 | D:3      | Reached XP level 6. HP: 27/55 MP: 7/11
  2850 | D:3      | Learned a level 3 spell: Conjure Flame
  2855 | D:3      | Learned a level 4 spell: Sticky Flame
  3020 | D:3      | Reached skill level 1 in Polearms
  3688 | D:4      | Learned a level 1 spell: Confusing Touch
  3753 | D:3      | HP: 2/55 [poisoned by a worker ant]
  3753 | D:3      | Slain by a worker ant

Levels and vault maps discovered:
D:1:      saegor_arrival_fortress, layout_basic
D:2:      layout_loops_ring, first_ration, uniq_sigmund
D:3:      layout_rooms
D:4:      layout_layer_cave, minmay_temple_entry_ruins

Skill      XL: |  1  2  3  4  5  6 |
---------------+-------------------+-----
Conjurations   | 1 2 |  2.3
Fire Magic     | 3 4 |  4.2
Dodging        | 2 |  2.4
Spellcasting   | 3 4 |  4.0
Fighting       | 1 |  1.6
Polearms       | 1 |  1.7
Maces & Flails | |  0.9
Throwing       | |  0.1
Stealth        | |  1.5

Action                   |  1- 3 |  4- 6 || total
-------------------------+-------+-------++-------
Melee: Mace              |    44 |       ||    44
       Unarmed           |     2 |       ||     2
       Scythe            |       |    67 ||    67
       Giant spiked club |       |     4 ||     4
Throw: Dart              |       |     6 ||     6
 Cast: Flame Tongue      |    33 |    24 ||    57
       Throw Flame       |       |     3 ||     3
       Confusing Touch   |       |     1 ||     1
  Use: Potion            |       |     2 ||     2
 Stab: Sleeping          |     2 |     2 ||     4
  Eat: Chunk             |     2 |     7 ||     9
Armor: Robe              |    30 |    18 ||    48
Dodge: Dodged            |    49 |    75 ||   124
